[Event "Team 45 45 League T87"]
[Site "Internet Chess Club"]
[Date "2021.02.13"]
[Round "6"]
[White "CPTsopiens"]
[Black "janh"]
[Result "1/2-1/2"]
[WhiteElo "1719"]
[BlackElo "1999"]
[Opening "Sicilian defense"]
[ECO "B32"]
[Time "16:04:54"]
[TimeControl "2700+45"]

1. e4 c5 2. Nf3 Nc6 3. d4 cxd4 4. Nxd4 Qb6 5. Nb3 Nf6 6. Be3 Qb4+ 7. N1d2 Nxe4
8. a3 Qa4 9. Nf3 d6 10. Bd3 Nf6 11. O-O Bg4 12. Nbd2 Ne5 13. b3 Bxf3 14. Nxf3
Nxf3+ 15. Qxf3 Qc6 16. Qe2 a6 17. Bg5 e6 18. Bxf6 gxf6 19. c4 Bg7 20. Be4 Qb6
21. Rab1 O-O 22. Rfd1 f5 23. Bc2 Rfd8 24. Rd3 Kf8 25. Rbd1 Qc5 26. Qd2 Qxa3 27.
b4 Qb2 28. Rxd6 Rxd6 29. Qxd6+ Kg8 30. Bd3 Be5 31. Qe7 Bf6 32. Qxb7 Rd8 33. Qf3
Qxb4 34. g4 Qc5 35. gxf5 exf5 36. Rb1 f4 37. Qxf4 Rxd3 38. Qxf6 Qd6 {Game drawn
by mutual agreement} 1/2-1/2

[Event "Team 45 45 League T87"]
[Site "Internet Chess Club"]
[Date "2021.02.16"]
[Round "6"]
[White "VictorRed"]
[Black "walkover"]
[Result "0-1"]
[WhiteElo "1656"]
[BlackElo "1735"]
[Opening "English, 1...Nf6 (Anglo-Indian defense)"]
[ECO "A15"]
[Time "13:00:58"]
[TimeControl "2700+45"]

1. c4 Nf6 2. g4 Nxg4 3. e4 d6 4. Nc3 e5 5. h3 Nf6 6. d3 Nc6 7. Bg5 Be7 8. h4 h6
9. Be3 Ng4 10. Bd2 Bxh4 11. Nh3 Qf6 12. Qe2 Nd4 13. Nd5 Qd8 14. Qd1 c6 15. Ne3
Qf6 16. Nxg4 Nf3+ 17. Ke2 Bxg4 18. Ke3 Bg5+ 19. Nxg5 Qxg5+ 20. Ke2 Nxd2+ {White
resigns} 0-1

[Event "Team 45 45 League T87"]
[Site "Internet Chess Club"]
[Date "2021.02.15"]
[Round "6"]
[White "zugknightly"]
[Black "Portola"]
[Result "1-0"]
[WhiteElo "1886"]
[BlackElo "1706"]
[Opening "QGD: exchange, positional line"]
[ECO "D35"]
[Time "11:01:33"]
[TimeControl "2700+45"]

1. d4 d5 2. c4 e6 3. Nc3 Nf6 4. cxd5 exd5 5. Bg5 Be7 6. Qc2 c6 7. e3 Bg4 8. Bd3
Nbd7 9. f3 Be6 10. Nge2 Nf8 11. O-O h6 12. Bh4 g5 13. Bf2 g4 14. Bg3 gxf3 15.
Rxf3 Bg4 16. Rf2 Rg8 17. Raf1 Be6 18. Bf5 Bxf5 19. Qxf5 Qd7 20. Bh4 Rg6 21. e4
dxe4 22. Bxf6 Rxf6 23. Qxe4 Rxf2 24. Rxf2 Qe6 25. Qf3 Ng6 26. Kh1 Rd8 27. d5
Rxd5 28. Nxd5 Qxd5 29. Qxd5 cxd5 30. Rf5 b6 31. Rxd5 Bc5 32. g3 a5 33. Kg2 Ke7
34. Rh5 Be3 35. Kf3 Bg5 36. h4 Bf6 37. Rxh6 Bxb2 38. Ke4 Bg7 39. Rh5 Kd7 40.
Rd5+ Kc7 41. Rf5 f6 42. Nd4 Kb7 43. Ne6 Bh8 44. Rh5 Kc6 45. Rh7 Kd6 46. Nf4 Nxf4
47. Kxf4 {Black resigns} 1-0

[Event "Team 45 45 League T87"]
[Site "Internet Chess Club"]
[Date "2021.02.13"]
[Round "6"]
[White "kabindra"]
[Black "Beetlejuice"]
[Result "0-1"]
[WhiteElo "1627"]
[BlackElo "1683"]
[Opening "Sicilian: closed, 2...Nc6"]
[ECO "B23"]
[Time "13:00:48"]
[TimeControl "2700+45"]

1. e4 c5 2. Nc3 Nc6 3. Bb5 Nd4 4. Bc4 e6 5. Nf3 a6 6. a4 Ne7 7. d3 d5 8. exd5
exd5 9. Ba2 Ne6 10. O-O g6 11. Ng5 Bg7 12. Qf3 O-O 13. Nxd5 Nxd5 14. Qxd5 Qc7
15. c3 Rd8 16. Nxe6 Bxe6 17. Qe4 Bf5 18. Bf4 Bxe4 19. Bxc7 Rxd3 20. Rfe1 Rc8 21.
Bf4 Bc6 22. Re7 Rf8 23. Be3 Bf6 24. Rc7 Be5 25. Bc4 Rdd8 26. Rxc6 bxc6 27. Bxc5
Rfe8 28. Bxa6 Bf4 29. g3 Bg5 30. Bf1 Rd2 31. Rb1 Ra8 32. b3 Bf6 33. c4 Bd4 34.
Bxd4 Rxd4 35. Bg2 Ra6 36. Bf1 c5 37. Bg2 Rd3 38. Bf1 Rc3 39. b4 cxb4 40. Rxb4
Kf8 41. Kg2 Ra7 42. Kh3 Ke7 43. Bg2 Kd6 44. Bd5 Ra3 45. Rb6+ Kc5 46. Rf6 R3xa4
47. Bxf7 Kd4 48. Rd6+ Ke5 49. Re6+ Kf5 50. g4+ Kf4 51. Rf6+ Kg5 52. Rf3 Ra3 53.
Rg3 Rxg3+ 54. Kxg3 Rxf7 {White resigns} 0-1

[Event "Team 45 45 League T87"]
[Site "Internet Chess Club"]
[Date "2021.02.10"]
[Round "6"]
[White "KidRattler"]
[Black "QuieroAprender"]
[Result "1-0"]
[WhiteElo "1804"]
[BlackElo "1691"]
[Opening "Scotch gambit"]
[ECO "C44"]
[Time "20:01:24"]
[TimeControl "2700+45"]

1. e4 e5 2. Nf3 Nc6 3. d4 exd4 4. Bc4 h6 5. O-O d6 6. h3 Be6 7. Bxe6 fxe6 8.
Nxd4 Nxd4 9. Qxd4 Nf6 10. c4 Qd7 11. Nc3 O-O-O 12. Qxa7 Qc6 13. Qd4 d5 14. cxd5
exd5 15. e5 Bc5 16. Qd3 d4 17. exf6 dxc3 18. Qf5+ Kb8 19. fxg7 Rhg8 20. bxc3
Rxg7 21. g4 h5 22. g5 Rdg8 23. h4 Qa4 24. Qf4 Qe4 {Black resigns} 1-0

[Event "Team 45 45 League T87"]
[Site "Internet Chess Club"]
[Date "2021.02.12"]
[Round "6"]
[White "ElValero"]
[Black "Kingsacrificed"]
[Result "1-0"]
[WhiteElo "1643"]
[BlackElo "1507"]
[Opening "King's Indian: 3.g3"]
[ECO "E60"]
[Time "09:00:26"]
[TimeControl "2700+45"]

1. d4 Nf6 2. c4 g6 3. g3 Bg7 4. Bg2 d6 5. Nc3 O-O 6. e4 Nbd7 7. Nge2 e5 8. d5
Nb6 9. Qd3 Bd7 10. O-O Ng4 11. f3 Nf6 12. b4 Na4 13. Nxa4 Bxa4 14. b5 a6 15. Nc3
axb5 16. cxb5 c6 17. Nxa4 Rxa4 18. bxc6 bxc6 19. dxc6 Qb6+ 20. Be3 Qxc6 21. Rfd1
Rd8 22. Bf1 d5 23. Qb3 Raa8 24. Rac1 Qd7 25. Bb5 Qb7 26. Bc6 Qxb3 27. axb3 Rab8
28. exd5 Rxb3 29. Bc5 Bf8 30. d6 Nd7 31. Bf2 Kg7 32. Bd5 Ra3 33. Rc7 Bxd6 34.
Rb7 Be7 35. Bb3 Nc5 36. Rxe7 Rxd1+ 37. Bxd1 Ra1 38. Bxc5 Rxd1+ 39. Kg2 Kf6 40.
Ra7 h5 41. h4 Rd2+ 42. Bf2 Ke6 43. Kf1 Rb2 44. Ra1 Kf5 45. Re1 Rb3 46. Kg2 Rb2
47. Kf1 Rb3 48. Be3 e4 49. Kf2 Rb2+ 50. Re2 Rb1 51. Bf4 exf3 52. Kxf3 Rf1+ 53.
Kg2 Rxf4 54. gxf4 Kxf4 55. Rf2+ Kg4 56. Rxf7 Kxh4 57. Rf4+ Kg5 58. Kg3 Kh6 59.
Ra4 Kg5 60. Ra5+ Kf6 61. Kf4 h4 62. Kg4 g5 63. Rxg5 h3 64. Rh5 h2 65. Rxh2 Kg7
66. Ra2 Kf6 67. Ra5 Ke6 68. Kf4 Kd6 69. Ke4 Ke6 70. Ra6+ Kd7 71. Ke5 Kc7 72. Kd5
Kb7 73. Rh6 Kc7 74. Rg6 Kb7 75. Kc5 Ka7 76. Kb5 Kb7 77. Rg7+ Kc8 78. Kb6 Kd8 79.
Kc6 Ke8 80. Kd6 Kf8 81. Ra7 Ke8 82. Rb7 Kf8 83. Ke6 Kg8 84. Kf6 Kh8 85. Kg6 Kg8
86. Rb8# {Black checkmated} 1-0

[Event "Team 45 45 League T87"]
[Site "Internet Chess Club"]
[Date "2021.02.15"]
[Round "6"]
[White "Validus"]
[Black "ARMAND02019"]
[Result "0-1"]
[WhiteElo "1418"]
[BlackElo "1635"]
[Opening "Queen's pawn, Mason variation"]
[ECO "D00"]
[Time "18:33:19"]
[TimeControl "2700+45"]

1. d4 d5 2. Bf4 c6 3. e3 Nf6 4. h3 g6 5. c3 Qb6 6. Qb3 Qxb3 7. axb3 Ne4 8. Bd3
Nd7 9. Bxe4 dxe4 10. Ne2 Bg7 11. Ng3 f5 12. f3 Nf6 13. fxe4 Nxe4 14. Nxe4 fxe4
15. Nd2 O-O 16. O-O h5 17. g4 hxg4 18. hxg4 Bxg4 19. Nxe4 Bf5 20. Ng5 Bc2 21. b4
Bb3 22. Rac1 Bc4 23. Rf2 Rf5 24. e4 Rff8 25. e5 Bh6 26. Re1 Rxf4 27. Rxf4 Bxg5
28. Rg4 Bd2 29. Re2 Bxe2 30. Rxg6+ Kf7 31. Rg2 Rg8 32. Rxg8 Kxg8 33. Kf2 Bc4 34.
Kf3 Bc1 35. Ke4 Bxb2 36. Kf5 Bxc3 37. b5 cxb5 38. e6 Bxe6+ 39. Kxe6 Bxd4 40.
Kxe7 b4 41. Kd6 b3 42. Kd5 b2 43. Kxd4 b1=Q 44. Kc4 Qb6 45. Kc3 a5 46. Kc2 Qe3
47. Kb1 Kf7 48. Kb2 Ke6 49. Kc2 Kd5 50. Kd1 Qb3+ 51. Kc1 a4 52. Kd2 a3 53. Kc1
a2 54. Kd2 a1=Q 55. Ke2 Qaa2+ 56. Kf1 Qbb1# {White checkmated} 0-1

[Event "Team 45 45 League T87"]
[Site "Internet Chess Club"]
[Date "2021.02.13"]
[Round "6"]
[White "Legal"]
[Black "harishbn"]
[Result "0-1"]
[WhiteElo "1842"]
[BlackElo "1938"]
[Opening "Two knights defense"]
[ECO "C58"]
[Time "11:00:54"]
[TimeControl "2700+45"]

1. e4 e5 2. Nf3 Nc6 3. Bc4 Nf6 4. Ng5 d5 5. exd5 Na5 6. Bb5+ c6 7. dxc6 bxc6 8.
Bd3 Nd5 9. Ne4 f5 10. Ng3 g6 11. Nc3 Nf4 12. Bf1 Bg7 13. d4 Qe7 14. dxe5 Qxe5+
15. Nge2 Ne6 16. Qd3 O-O 17. Bd2 Rd8 18. Qg3 Qf6 19. Ng1 f4 20. Qf3 Nd4 21. Qd1
Bf5 22. Bd3 Qe6+ 23. Nce2 Nc4 24. Bc3 Nxc2+ 25. Qxc2 Bxd3 26. Qc1 Bxc3+ 27. Qxc3
Rab8 28. b3 Na3 29. Rc1 Bb5 30. Qb2 Re8 31. Rd1 Qe4 32. Kf1 Rbd8 33. Rxd8 Rxd8
34. Nf3 Rd1+ 35. Ne1 Nc2 36. f3 {White resigns} 0-1

[Event "Team 45 45 League T87"]
[Site "Internet Chess Club"]
[Date "2021.02.15"]
[Round "6"]
[White "martineden"]
[Black "The7thGuest"]
[Result "1/2-1/2"]
[WhiteElo "1854"]
[BlackElo "1877"]
[Opening "King's Indian: London system"]
[ECO "A48"]
[Time "10:09:49"]
[TimeControl "2700+45"]

1. d4 Nf6 2. Nf3 g6 3. Bf4 Bg7 4. c3 O-O 5. g3 d6 6. Bg2 Nbd7 7. Nbd2 Nd5 8. e3
Nxf4 9. exf4 e5 10. fxe5 dxe5 11. O-O exd4 12. Nxd4 Nb6 13. a4 Bxd4 14. cxd4
Qxd4 15. a5 Nd7 16. Qc2 c6 17. Rfd1 Qg7 18. Ne4 Nf6 19. Nd6 a6 20. Ra4 Ne8 21.
Nxc8 Rxc8 22. Rb4 Qe5 23. Rxb7 Qxa5 24. Qc4 Ng7 25. b4 Qf5 26. Rdd7 Ne6 27. Qxa6
Ra8 28. Qf1 Qf6 29. Qc4 Ra1+ 30. Bf1 Ng5 31. f4 Nf3+ 32. Kg2 Ne1+ 33. Kf2 Rb1
34. Be2 h5 35. Bd1 h4 36. Kxe1 hxg3 37. hxg3 Qh8 38. Rxf7 Qh1+ 39. Kf2 Qh2+ 40.
Kf3 Qh1+ 41. Kf2 Qh2+ 42. Kf3 Qh1+ 43. Kf2 {Game drawn by repetition} 1/2-1/2

[Event "Team 45 45 League T87"]
[Site "Internet Chess Club"]
[Date "2021.02.13"]
[Round "6"]
[White "fileman"]
[Black "laurenpar"]
[Result "1/2-1/2"]
[WhiteElo "1842"]
[BlackElo "1851"]
[Opening "French: Two knights variation"]
[ECO "C00"]
[Time "03:16:05"]
[TimeControl "2700+45"]

1. e4 e6 2. Nf3 d5 3. Nc3 c5 4. exd5 exd5 5. Bb5+ Nc6 6. Ne5 Bd7 7. Qe2 Nxe5 8.
Qxe5+ Qe7 9. Qxe7+ Nxe7 10. Bxd7+ Kxd7 11. d3 Kc6 12. Bf4 Ng6 13. Bg3 Bd6 14.
Bxd6 Kxd6 15. O-O-O Rhe8 16. d4 c4 17. g3 a6 18. Rhe1 b5 19. Kd2 Nf8 20. h4 Ne6
21. Re5 Nc7 {Game drawn by mutual agreement} 1/2-1/2

[Event "Team 45 45 League T87"]
[Site "Internet Chess Club"]
[Date "2021.02.15"]
[Round "6"]
[White "fishhead"]
[Black "DeepPoo"]
[Result "1-0"]
[WhiteElo "1780"]
[BlackElo "1702"]
[Opening "Sicilian: Labourdonnais-Löwenthal variation"]
[ECO "B32"]
[Time "14:00:52"]
[TimeControl "2700+45"]

1. e4 c5 2. Nf3 Nc6 3. d4 cxd4 4. Nxd4 e5 5. Nb5 a6 6. Nd6+ Bxd6 7. Qxd6 Qe7 8.
Qxe7+ Ngxe7 9. Nc3 b5 10. Be3 Bb7 11. O-O-O O-O-O 12. Bb6 Rde8 13. g3 Nd4 14.
Bxd4 exd4 15. Rxd4 Nc6 16. Rd6 Kc7 17. Rd2 Ne5 18. Bh3 Re7 19. Rhd1 Rd8 20. Nd5+
Bxd5 21. Rxd5 Nf3 22. Rd6 Ng5 23. Bg2 Nxe4 24. Rxa6 Nc5 25. Ra5 Kb6 26. b4 Re2
27. Rd6+ Kc7 28. bxc5 {Black resigns} 1-0

[Event "Team 45 45 League T87"]
[Site "Internet Chess Club"]
[Date "2021.02.13"]
[Round "6"]
[White "janh"]
[Black "ANGELLR"]
[Result "0-1"]
[WhiteElo "1976"]
[BlackElo "1850"]
[Opening "Queen's pawn: Chigorin variation"]
[ECO "D00"]
[Time "20:02:57"]
[TimeControl "2700+45"]

1. d4 d5 2. Nc3 Bf5 3. Bf4 c6 4. e3 e6 5. f3 Bd6 6. Bd3 Bxf4 7. exf4 Qf6 8. Nge2
h5 9. Qd2 Ne7 10. O-O-O Nd7 11. Kb1 O-O-O 12. g3 Kb8 13. Qe3 Nc8 14. Nc1 Nd6 15.
Qf2 Rc8 16. Bxf5 Qxf5 17. Nd3 Nc4 18. Rhe1 Rhe8 19. Qe2 Qf6 20. Qf2 Qd8 21. b3
Qa5 22. Na4 b5 23. Nab2 Na3+ 24. Kc1 Qc3 25. Qd2 Qxd2+ 26. Rxd2 a5 27. Ne5 Nxe5
28. Rxe5 g6 29. Nd3 b4 30. Kb2 Kc7 31. Nc5 Nb5 32. Na4 Kd6 33. c4 bxc3+ 34. Nxc3
Nxc3 35. Kxc3 c5 36. dxc5+ Rxc5+ 37. Kb2 Rec8 38. Re3 Rc1 39. g4 hxg4 40. fxg4
Rf1 41. Re4 Rg1 42. f5 e5 43. Ra4 Rc5 44. fxg6 fxg6 45. b4 axb4 46. Rxb4 d4 47.
h3 Rg3 48. Re2 d3 49. Rd2 Rxh3 50. Rb6+ Kd5 51. Rxg6 Ke4 52. Rd6 Re3 53. g5 Rg3
54. g6 Rd5 55. Rxd5 Kxd5 56. Kc3 e4 57. Rb2 Rxg6 58. Rb5+ Kc6 59. Re5 Rd6 60.
Kd2 Rd4 61. a3 Kd6 62. Re8 Kd7 63. Re5 Kd6 64. Re8 Kc5 65. Re5+ Kb6 66. Re8 Kb5
67. Rb8+ Ka4 68. Ra8+ Kb3 69. Rb8+ Kxa3 70. Kc3 Ra4 71. Rb3+ Ka2 72. Rb2+ Ka1
73. Rh2 Ra8 74. Rh1+ Ka2 75. Rh2+ Ka3 76. Rh1 Rc8+ 77. Kd4 Re8 78. Kc3 Ka4 79.
Kc4 Ka5 80. Kc5 Ka6 81. Kd4 Kb5 82. Rb1+ Kc6 83. Rc1+ Kd6 84. Ra1 Re6 85. Rh1
Ke7 86. Rf1 Rf6 87. Re1 Rf4 88. Ke3 Rg4 89. Ra1 Kd6 90. Ra5 Ke6 91. Rb5 Rg1 92.
Rb2 Re1+ 93. Kf2 Rc1 94. Ke3 Kd5 95. Ra2 Re1+ 96. Kf2 Rh1 97. Ke3 Rh3+ 98. Kf4
Rf3+ 99. Kg4 Rf8 {White resigns} 0-1

[Event "Team 45 45 League T87"]
[Site "Internet Chess Club"]
[Date "2021.02.14"]
[Round "6"]
[White "andrew37"]
[Black "achessman"]
[Result "0-1"]
[WhiteElo "1660"]
[BlackElo "1898"]
[Opening "Queen's pawn game"]
[ECO "D02"]
[Time "16:03:42"]
[TimeControl "2700+45"]

1. Nf3 d5 2. d4 g6 3. g3 Bg7 4. Bg2 c6 5. O-O Nf6 6. c4 dxc4 7. Ne5 Ng4 8. Nf3
b5 9. a4 Bb7 10. h3 Nf6 11. Ne5 Qc8 12. b3 cxb3 13. Qxb3 O-O 14. axb5 cxb5 15.
Qxb5 Bxg2 16. Kxg2 Nfd7 17. Bf4 Nxe5 18. Bxe5 Qc6+ 19. Qxc6 Nxc6 20. Bxg7 Kxg7
21. e3 Rfb8 22. Nc3 e6 23. Rfc1 Nb4 24. Ra4 Nd3 25. Rca1 Rb2 26. Nd1 Rb7 27. Nc3
Rc8 28. Nd1 Rc2 29. R4a3 Rd2 30. R3a2 Rxa2 31. Rxa2 Rc7 32. Ra3 Ne1+ 33. Kf1 Nf3
34. Nb2 Rc1+ 35. Kg2 Ne1+ 36. Kh2 Rc2 37. Na4 Rxf2+ 38. Kg1 Rf3 39. Kh2 Nc2 40.
Kg2 Rxe3 41. Rxe3 Nxe3+ 42. Kf3 Nf5 43. d5 exd5 44. Nc3 Ne7 45. Kf4 Kf6 46. g4
g5+ 47. Ke3 Ke5 48. Nb5 Nc6 49. Na3 d4+ 50. Kf3 Kd5 51. Nc2 d3 52. Ne3+ Kd4 53.
Nd1 Ne5+ 54. Kf2 Nc4 55. Ke1 a5 56. Nf2 a4 57. Nd1 a3 {White resigns} 0-1

[Event "Team 45 45 League T87"]
[Site "Internet Chess Club"]
[Date "2021.02.14"]
[Round "6"]
[White "Portola"]
[Black "ElValero"]
[Result "1/2-1/2"]
[WhiteElo "1715"]
[BlackElo "1646"]
[Opening "Queen's pawn game"]
[ECO "A46"]
[Time "09:00:28"]
[TimeControl "2700+45"]

1. d4 Nf6 2. Nf3 e6 3. c3 c5 4. e3 b6 5. b3 cxd4 6. exd4 d5 7. Nbd2 Be7 8. Bd3
O-O 9. Bb2 Ba6 10. Bxa6 Nxa6 11. O-O Rc8 12. Qe2 Nb8 13. Rac1 Nc6 14. Ne5 Bd6
15. f4 Qe7 16. b4 a5 17. a3 Bb8 18. Qf3 b5 19. Qe2 Qb7 20. g4 Nxe5 21. fxe5 Nd7
22. Kh1 axb4 23. axb4 Qc6 24. Rce1 Nb6 25. Nb3 Nc4 26. Na5 Nxa5 27. bxa5 Bc7 28.
Ba3 Rfd8 29. Bb4 Ra8 30. Qf2 Qe8 31. Ra1 Ra6 32. Ra2 Rda8 33. Rfa1 Qd8 34. Rf1
Qe8 35. Rfa1 Qd8 36. Rf1 Qe8 {Game drawn by repetition} 1/2-1/2

[Event "Team 45 45 League T87"]
[Site "Internet Chess Club"]
[Date "2021.02.15"]
[Round "6"]
[White "Timmah4651"]
[Black "Redman1"]
[Result "1/2-1/2"]
[WhiteElo "1603"]
[BlackElo "1564"]
[Opening "Evans gambit declined"]
[ECO "C51"]
[Time "06:02:34"]
[TimeControl "2700+45"]

1. e4 e5 2. Nf3 Nc6 3. Bc4 Bc5 4. b4 Bb6 5. a3 Nf6 6. d3 d6 7. Be3 O-O 8. Nc3
Ne7 9. a4 c6 10. Ne2 Ng6 11. Ng3 d5 12. Bb3 Qe7 13. c3 h6 14. O-O Be6 15. Nf5
Bxf5 16. exf5 Nf4 17. a5 Bc7 18. Re1 Qd7 19. Bc5 Rfe8 20. Nh4 e4 21. dxe4 dxe4
22. Qxd7 Nxd7 23. Bd4 Nd5 24. f3 e3 25. Bxd5 cxd5 26. Rxe3 Rxe3 27. Bxe3 Bd8 28.
Bf2 Bf6 29. Rc1 Rc8 30. f4 Rxc3 31. Rxc3 Bxc3 32. b5 d4 33. Nf3 d3 34. Kf1 a6
35. bxa6 bxa6 36. Bb6 Kf8 37. Kf2 Nb8 38. Ne5 f6 39. Nxd3 Nc6 40. Ke3 Nxa5 41.
Bc5+ Kf7 42. Nb4 Nc4+ 43. Kd3 Bxb4 44. Bxb4 Nb6 45. Kd4 g6 46. fxg6+ Kxg6 47. g4
f5 48. h3 Nd7 49. Be7 fxg4 50. hxg4 Nf6 51. Bxf6 Kxf6 52. Kc5 Kg6 53. Kb6 h5 54.
f5+ Kg5 55. f6 Kxf6 56. gxh5 Kg5 57. Kxa6 Kxh5 {Game drawn because neither
player has mating material} 1/2-1/2

[Event "Team 45 45 League T87"]
[Site "Internet Chess Club"]
[Date "2021.02.15"]
[Round "6"]
[White "Chess4Him"]
[Black "Grenadier"]
[Result "0-1"]
[WhiteElo "1531"]
[BlackElo "1554"]
[Opening "Queen's pawn: London system"]
[ECO "A45"]
[Time "11:00:42"]
[TimeControl "2700+45"]

1. d4 Nf6 2. Bf4 d5 3. e3 Bg4 4. Nf3 e6 5. Nbd2 Nbd7 6. h3 Bh5 7. Bd3 Be7 8. g4
Bg6 9. Bxg6 hxg6 10. Ne5 Nxe5 11. Bxe5 Bd6 12. Nf3 Bxe5 13. Nxe5 Ne4 14. Qf3 Qf6
15. Ke2 Ng5 16. Qg3 Ne4 17. Qf3 c5 18. c3 cxd4 19. exd4 Ke7 20. Rag1 Qxf3+ 21.
Nxf3 Rh7 22. h4 Rah8 23. Rg2 f6 24. Rhh2 g5 25. hxg5 Rxh2 26. gxf6+ Nxf6 27.
Rxh2 Rf8 28. Ne5 Kd6 29. f3 Nd7 30. Ng6 Rf6 31. Nh8 Rf8 32. Ke3 e5 33. Ng6 Rf6
34. dxe5+ Nxe5 35. Nxe5 Kxe5 36. Rh5+ Kd6 37. f4 Re6+ 38. Kf3 Re1 39. Rh2 b5 40.
a3 a5 41. Re2 Rf1+ 42. Ke3 Rg1 43. g5 Kc5 44. Rd2 Rg3+ 45. Kf2 Rh3 46. Kg2 Re3
47. f5 Re5 48. Rf2 Kd6 49. Kg3 Ke7 50. Kg4 Re4+ 51. Kh5 Kf7 52. f6 g6+ 53. Kh6
Rh4# {White checkmated} 0-1

[Event "Team 45 45 League T87"]
[Site "Internet Chess Club"]
[Date "2021.02.14"]
[Round "6"]
[White "smsxman"]
[Black "seattleblues"]
[Result "0-1"]
[WhiteElo "1296"]
[BlackElo "1312"]
[Opening "Caro-Kann defense"]
[ECO "B10"]
[Time "21:00:28"]
[TimeControl "2700+45"]

1. e4 c6 2. Nf3 d5 3. exd5 cxd5 4. d4 Qc7 5. Nc3 Nf6 6. Bd2 Bg4 7. Be2 e6 8. Nb5
Qb6 9. Rb1 Bxf3 10. gxf3 a6 11. Nc3 Qxd4 12. Be3 Qxd1+ 13. Rxd1 Nc6 14. a3 Rd8
15. Bb6 Rd7 16. b4 Bd6 17. Na4 Bc7 18. b5 Nb8 19. bxa6 bxa6 20. Ba7 Ba5+ {White
resigns} 0-1

[Event "Team 45 45 League T87"]
[Site "Internet Chess Club"]
[Date "2021.02.12"]
[Round "6"]
[White "Portola"]
[Black "andrew37"]
[Result "1-0"]
[WhiteElo "1718"]
[BlackElo "1667"]
[Opening "Queen's pawn game"]
[ECO "A45"]
[Time "16:00:51"]
[TimeControl "2700+45"]

1. d4 Nf6 2. c3 d5 3. Nf3 g6 4. Bg5 Ne4 5. Bf4 Bg7 6. e3 O-O 7. Nbd2 c5 8. Be2
Nc6 9. Nxe4 dxe4 10. Nd2 cxd4 11. exd4 f5 12. O-O e5 13. dxe5 Nxe5 14. Nc4 Qe7
15. Nxe5 Bxe5 16. Qd5+ Qe6 17. Qxe5 Qxe5 18. Bxe5 Be6 19. Bf4 Kg7 20. h4 Rf7 21.
Rfd1 Rc8 22. Rd6 Re7 23. Bg5 Ree8 24. Bb5 {Black resigns} 1-0

[Event "Team 45 45 League T87"]
[Site "Internet Chess Club"]
[Date "2021.02.13"]
[Round "6"]
[White "goldeen7"]
[Black "ascoli"]
[Result "0-1"]
[WhiteElo "1302"]
[BlackElo "1736"]
[Opening "French: Tarrasch"]
[ECO "C03"]
[Time "14:00:55"]
[TimeControl "2700+45"]

1. e4 e6 2. d4 d5 3. Nd2 dxe4 4. Nxe4 Nf6 5. Nxf6+ Qxf6 6. Nf3 h6 7. Bc4 c6 8.
O-O Bd6 9. Re1 O-O 10. c3 Nd7 11. Bb3 b6 12. Be3 Bb7 13. Ba4 Rad8 14. Bc2 c5 15.
dxc5 Nxc5 16. Qe2 Ba6 17. c4 Kh8 18. b3 Bb7 19. Rad1 Qe7 20. Bd4 Qc7 21. h3 Qe7
22. Ne5 Qg5 23. Nf3 Qf4 24. Bb1 Bxf3 25. Qxf3 Qh2+ 26. Kf1 e5 27. Qf5 e4 28.
Bxe4 Nxe4 29. Qxe4 Rde8 30. Bxg7+ Kg8 31. Qxe8 Qh1+ 32. Ke2 Rxe8+ 33. Kd2 Bf4+
{White resigns} 0-1

[Event "Team 45 45 League T87"]
[Site "Internet Chess Club"]
[Date "2021.02.14"]
[Round "6"]
[White "rubo"]
[Black "MartyJR"]
[Result "0-1"]
[WhiteElo "1464"]
[BlackElo "1609"]
[Opening "Queen's pawn: London system"]
[ECO "A45"]
[Time "20:30:41"]
[TimeControl "2700+45"]

1. d4 Nf6 2. Bf4 g6 3. Nc3 Bg7 4. e4 d6 5. Be2 O-O 6. h4 b6 7. h5 Bb7 8. Bf3
Nfd7 9. hxg6 fxg6 10. Bh6 e5 11. Bxg7 Kxg7 12. Qd2 Nf6 13. Qh6+ Kg8 14. Nh3 Qd7
15. Ng5 Nc6 16. d5 Nd4 17. O-O-O Nxf3 18. gxf3 a6 19. Rh3 Bc8 20. Ne6 Rf7 21.
Rdh1 Qe7 22. Qxg6+ Kh8 23. Qf5 Bd7 24. Rg3 Rg8 25. Rhg1 Rxg3 26. Rxg3 Nxd5 27.
Qg4 Nf6 28. Nd5 Bxe6 29. Qg5 Bxd5 30. exd5 Qf8 31. Qd2 Nh5 32. Rh3 Nf4 33. Rg3
Rf5 34. c4 Rh5 35. Kc2 Qf5+ 36. Kb3 Nd3 37. Qe3 Nc5+ 38. Kc3 a5 39. f4 Ne4+
{White resigns} 0-1

[Event "Team 45 45 League T87"]
[Site "Internet Chess Club"]
[Date "2021.02.13"]
[Round "6"]
[White "Fulmar"]
[Black "g8wrb"]
[Result "1-0"]
[WhiteElo "1210"]
[BlackElo "1311"]
[Opening "French: exchange variation"]
[ECO "C01"]
[Time "11:32:43"]
[TimeControl "2700+45"]

1. e4 e6 2. d4 d5 3. exd5 exd5 4. Bd3 Nf6 5. h3 Bd6 6. Be3 O-O 7. Nf3 Re8 8. Nc3
c6 9. Qe2 Qb6 10. O-O-O a5 11. Rdf1 a4 12. g4 Bb4 13. Qe1 Nbd7 14. Ne5 Ne4 15.
Bxe4 Nxe5 16. dxe5 Qc7 17. Bd3 Rxe5 18. Qd2 Qa5 19. Bd4 Re7 20. Re1 Be6 21. Qg5
g6 22. Qf6 {Black resigns} 1-0

[Event "Team 45 45 League T87"]
[Site "Internet Chess Club"]
[Date "2021.02.11"]
[Round "6"]
[White "WillC"]
[Black "QuieroAprender"]
[Result "1-0"]
[WhiteElo "1534"]
[BlackElo "1667"]
[Opening "English, 1...Nf6 (Anglo-Indian defense)"]
[ECO "A15"]
[Time "20:11:53"]
[TimeControl "2700+45"]

1. c4 Nf6 2. g3 c5 3. Bg2 Nc6 4. d3 e5 5. e4 Be7 6. Ne2 h6 7. O-O d6 8. f4 Bg4
9. h3 Bh5 10. g4 Nxg4 11. hxg4 Bxg4 12. Be3 exf4 13. Rxf4 Bg5 14. Rxg4 Bxe3+ 15.
Kh1 Ne5 16. Ng3 Nxg4 17. Qxg4 h5 18. Qh3 Qf6 19. Nc3 h4 20. Rf1 Qe5 21. Nf5 Bh6
22. Nb5 O-O-O 23. Nxh6+ Kb8 24. Nxf7 Qxb2 {Black resigns} 1-0

[Event "Team 45 45 League T87"]
[Site "Internet Chess Club"]
[Date "2021.02.12"]
[Round "6"]
[White "kabindra"]
[Black "RD1974"]
[Result "0-1"]
[WhiteElo "1642"]
[BlackElo "1534"]
[Opening "Sicilian: closed"]
[ECO "B23"]
[Time "18:00:48"]
[TimeControl "2700+45"]

1. e4 c5 2. Nc3 e6 3. g3 Nc6 4. Bg2 Nf6 5. Nh3 d5 6. exd5 exd5 7. O-O Be7 8. d3
h6 9. f4 O-O 10. Bd2 Bg4 11. Qe1 Bf5 12. Rd1 Qd7 13. Bc1 Bxh3 {White resigns}
0-1

[Event "Team 45 45 League T87"]
[Site "Internet Chess Club"]
[Date "2021.02.13"]
[Round "6"]
[White "Toalla"]
[Black "oldsj"]
[Result "1/2-1/2"]
[WhiteElo "1102"]
[BlackElo "1377"]
[Opening "Sicilian, Chekhover variation"]
[ECO "B53"]
[Time "13:02:13"]
[TimeControl "2700+45"]

1. e4 c5 2. d4 cxd4 3. Nf3 d6 4. Qxd4 Nc6 5. Bb5 a6 6. Bxc6+ bxc6 7. e5 d5 8.
Bf4 e6 9. Nc3 Ne7 10. O-O Ng6 11. Bg3 Be7 12. h3 O-O 13. Ne2 c5 14. Qd2 Bb7 15.
Nf4 Nxf4 16. Qxf4 f6 17. c3 fxe5 18. Qxe5 Qd7 19. Rae1 Bc8 20. Ng5 Bxg5 21. Qxg5
Qf7 22. Be5 Qd7 23. f4 Rf7 24. Rf3 Qe7 25. Ref1 Bd7 26. Qxe7 Rxe7 27. b3 Bc6 28.
Rg3 Rf7 29. Rf2 Rd8 30. Rd2 g6 31. h4 Rf5 32. Rf2 Rd7 33. Rd3 Rdf7 34. g3 Rd7
35. Re2 Rff7 36. Kh2 Bb5 37. c4 dxc4 38. Rxd7 Rxd7 39. bxc4 Bxc4 40. Rb2 {Game
drawn by mutual agreement} 1/2-1/2

[Event "Team 45 45 League T87"]
[Site "Internet Chess Club"]
[Date "2021.02.13"]
[Round "6"]
[White "fvafier"]
[Black "nidusin2"]
[Result "1/2-1/2"]
[WhiteElo "1539"]
[BlackElo "1653"]
[Opening "Queen's Pawn"]
[ECO "A41"]
[Time "10:00:49"]
[TimeControl "2700+45"]

1. d4 d6 2. Nf3 Nf6 3. c4 Nbd7 4. e3 c6 5. b3 e5 6. Bb2 e4 7. Nfd2 d5 8. Nc3 Bb4
9. a3 Bd6 10. Be2 Qc7 11. h3 Nf8 12. cxd5 cxd5 13. Rc1 Qb8 14. Nb5 Bd7 15. Nxd6+
Qxd6 16. O-O Ng6 17. b4 O-O 18. Nb3 b6 19. Qd2 Rac8 20. a4 Bxa4 21. Na1 Nd7 22.
Ba3 f5 23. Rc3 b5 24. Rfc1 Nb6 25. Nb3 Bxb3 26. Rxb3 Rxc1+ 27. Qxc1 Nc4 28. Bxc4
dxc4 29. Rc3 f4 30. Qc2 Qe6 31. exf4 Nxf4 32. Re3 Nd3 33. f3 Qg6 34. Rxe4 Rxf3
35. Rg4 Rf2 36. Qd1 Qf6 37. Bc1 Ra2 38. Be3 Qe6 39. Qf3 Ra1+ 40. Kh2 Qd6+ 41.
Bf4 Qf8 42. Qd5+ Kh8 43. Bd6 Qg8 44. Qxb5 h6 45. Re4 Re1 46. Rxe1 Nxe1 47. Qa6
Qf7 48. Be5 Nd3 49. Qxh6+ Kg8 50. Qd6 Nxe5 51. Qxe5 c3 52. Qe3 Qc4 53. Qe8+ Kh7
54. Qh5+ Kg8 55. Qe8+ Kh7 56. Qh5+ Kg8 57. Qe8+ Kh7 {Game drawn by repetition}
1/2-1/2